Dallas Stars vs Minnesota North Stars
Created - Saturday, September 13, 2025 at 08:09
Goals
|
| Dallas Stars |
0 |
0 |
4 |
4 |
| Minnesota North Stars |
0 |
0 |
2 |
2 |
|
Shots
|
| Dallas Stars |
6 |
9 |
14 |
29 |
| Minnesota North Stars |
10 |
11 |
14 |
35 |
|
1st period
No Goal
Penalties :
Josh Anderson (DAL) for Cross-checking (Minor) at 2:28, Rasmus Ristolainen (DAL) for Holding (Minor) at 10:41, Frank Vatrano (MNS) for High sticking (Minor) at 17:27
2nd period
No Goal
Penalties :
Neal Pionk (MNS) for Roughing (Minor) at 1:13, Jordan Greenway (DAL) for Tripping (Minor) at 6:52, Josh Anderson (DAL) for Hooking (Minor) at 10:03
3rd period
1. Minnesota North Stars , Frank Vatrano 11 (Jack Hughes 27) at 4:39
2. Dallas Stars , Elias Lindholm 17 (Jakob Chychrun 14) at 8:05
3. Dallas Stars , Elias Lindholm 18 (Jakob Chychrun 15, Trevor van Riemsdyk 14) at 10:15
4. Dallas Stars , Luke Kunin 12 (Jakob Chychrun 16, Alex Iafallo 6) at 12:15
5. Minnesota North Stars , Frank Vatrano 12 (Ivan Barbashev 5) at 16:20
6. Dallas Stars , Trevor van Riemsdyk 2 (Jordan Martinook 12, Luke Kunin 17) at 17:12 (PP)
Penalties :
Frank Vatrano (MNS) for Tripping (Minor) at 2:01, Trent Frederic (DAL) for Tripping (Minor) at 14:10, Niko Mikkola (MNS) for Interference (Minor) at 16:43
Goalie Stats
Marc-Andre Fleury (DAL), 33 saves from 35 shots - (0.943), W, 6-5-2, 60:00 minutes
Logan Thompson (MNS), 25 saves from 29 shots - (0.862), L, 14-4-1, 60:00 minutes
Players Stats for Dallas Stars
Player Name G A P +/- PIM S H SB GA TA FO MP PP MP PK MP
------------------------------------------------------------------------------------
Alex Iafallo 0 1 1 0 0 3 1 0 2 0 0/0 11:34 0:10 0:13
Arber Xhekaj 0 0 0 0 0 1 0 2 0 1 0/0 13:23 0:00 0:15
Brendan Gallagher 0 0 0 1 0 0 2 0 1 1 0/1 20:40 3:14 4:32
Cam York 0 0 0 0 0 0 1 2 0 0 0/0 13:30 0:00 0:35
Dougie Hamilton 0 0 0 -1 0 0 0 1 0 1 0/0 22:49 3:03 4:50
Elias Lindholm 2 0 2 2 0 5 1 0 2 2 11/26 20:33 3:14 4:31
Jack Drury 0 0 0 0 0 2 1 0 0 0 6/7 12:47 0:00 2:20
Jakob Chychrun 0 3 3 2 0 1 0 2 0 0 0/0 24:16 3:23 5:05
Joel Kiviranta 0 0 0 -1 0 2 0 0 0 0 0/0 9:28 0:10 0:00
Jonatan Berggren 0 0 0 -1 0 2 2 0 0 0 0/1 8:19 0:00 0:00
Jordan Greenway 0 0 0 1 2 2 2 2 0 0 0/0 15:25 3:02 1:08
Jordan Martinook 0 1 1 0 0 1 1 2 0 0 2/4 18:50 3:02 4:32
Josh Anderson 0 0 0 2 4 1 4 0 0 0 0/0 18:36 3:14 2:34
Luke Kunin 1 1 2 1 0 1 2 0 0 0 3/11 14:07 3:02 0:00
Philip Tomasino 0 0 0 -1 0 0 0 1 0 0 0/5 9:18 0:10 0:00
Rasmus Ristolainen 0 0 0 -1 2 3 1 0 0 0 0/0 21:55 3:03 3:54
Trent Frederic 0 0 0 -1 2 2 2 0 0 0 1/1 10:21 0:00 0:00
Trevor van Riemsdyk 1 1 2 2 0 3 0 1 0 1 0/0 24:09 3:23 5:11
Players Stats for Minnesota North Stars
Player Name G A P +/- PIM S H SB GA TA FO MP PP MP PK MP
------------------------------------------------------------------------------------
Brock Nelson 0 0 0 -2 0 1 2 0 0 0 7/10 16:53 4:57 0:00
Erik Cernak 0 0 0 -2 0 1 3 2 0 0 0/0 15:10 0:00 3:03
Evgeni Malkin 0 0 0 1 0 1 0 0 0 0 1/4 16:54 4:57 0:00
Frank Vatrano 2 0 2 2 4 4 0 0 1 0 0/0 12:09 0:00 0:00
Gustav Forsling 0 0 0 0 0 3 0 3 0 0 0/0 23:38 4:37 3:32
Ivan Barbashev 0 1 1 1 0 1 1 0 0 0 0/0 6:58 0:00 0:00
Jack Hughes 0 1 1 1 0 0 0 0 0 0 9/16 17:08 4:58 0:00
Jonathan Marchessault 0 0 0 -1 0 1 2 1 0 0 0/2 18:18 4:54 0:16
Kent Johnson 0 0 0 -2 0 0 1 0 0 1 0/0 12:00 0:00 0:07
Matt Roy 0 0 0 1 0 1 1 3 1 1 0/0 24:44 5:18 3:23
Mattias Janmark 0 0 0 1 0 2 1 1 1 0 2/2 9:45 0:04 3:01
Neal Pionk 0 0 0 -1 2 1 1 0 1 2 0/0 20:33 4:37 0:00
Niko Mikkola 0 0 0 1 2 1 2 1 0 0 0/0 18:20 0:00 2:43
Rasmus Dahlin 0 0 0 -1 0 1 1 0 0 1 0/0 18:14 5:18 0:11
Ryan Nugent-Hopkins 0 0 0 -1 0 2 0 2 0 0 9/14 15:37 0:00 3:10
Valeri Nichushkin 0 0 0 -2 0 2 1 0 1 0 0/0 17:03 4:58 0:00
William Eklund 0 0 0 -1 0 10 2 0 1 0 1/4 20:35 4:57 3:17
William Karlsson 0 0 0 0 0 3 0 0 0 0 4/4 9:31 0:00 3:01
3 Stars
1 - Elias Lindholm (DAL)
2 - Jakob Chychrun (DAL)
3 - Trevor van Riemsdyk (DAL)
Power Play
Dallas Stars - 1 on 4 Attempt(s) - 25.00%
Minnesota North Stars - 0 on 5 Attempt(s) - 0.00%
Penalty Kill
Dallas Stars - 5 on 5 Attempt(s) - 100.00%
- Score 0 goal in Penalty Kill
Minnesota North Stars - 3 on 4 Attempt(s) - 75.00%
- Score 0 goal in Penalty Kill
Team Stat
Dallas Stars - Hits : 20 - Faceoff Wins : 23 - Blocked Shots : 13 - Penalty Minutes : 10
Minnesota North Stars - Hits : 18 - Faceoff Wins : 33 - Blocked Shots : 13 - Penalty Minutes : 8
Official
Referees : Peter Macdougall and Graham Skilliter
Linesman : Kyle Flemington and Shandor Alphonso
Game Notes
No Game Note
Finance
Level 1 -- Attendance: 6000 (100.00%) -- Ticket Income $564,000
Level 2 -- Attendance: 4929 (98.58%) -- Ticket Income $276,024
Level 3 -- Attendance: 3000 (100.00%) -- Ticket Income $96,000
Level 4 -- Attendance: 5000 (100.00%) -- Ticket Income $110,000
Luxury Box -- Attendance: 980 (98.00%) -- Ticket Income $189,140
Game was played at the Met Center.
Total Attendance: 19909 (99.55%)
Total Ticket Income: $1,235,164
Other Income: $432,307
Total Income: $1,667,471
Dallas Stars
5 vs 5 Forward
Center Left Wing Right Wing Time % Phy DF OF
1 Elias Lindholm Josh Anderson Brendan Gallagher 30 1 2 2
2 Luke Kunin Jordan Martinook Jordan Greenway 30 1 2 2
3 Jack Drury Alex Iafallo Trent Frederic 25 1 2 2
4 Philip Tomasino Joel Kiviranta Jonatan Berggren 15 1 2 2
5 vs 5 Defense
Defense Defense Time % Phy DF OF
1 Rasmus Ristolainen Dougie Hamilton 35 1 2 2
2 Trevor van Riemsdyk Jakob Chychrun 35 1 2 2
3 Arber Xhekaj Cam York 30 1 2 2
4 Rasmus Ristolainen Dougie Hamilton 0 1 2 2
PowerPlay Forward
Center Left Wing Right Wing Time % Phy DF OF
1 Elias Lindholm Josh Anderson Brendan Gallagher 50 1 2 2
2 Luke Kunin Jordan Martinook Jordan Greenway 50 1 2 2
PowerPlay Defense
Defense Defense Time % Phy DF OF
1 Rasmus Ristolainen Dougie Hamilton 50 1 2 2
2 Trevor van Riemsdyk Jakob Chychrun 50 1 2 2
Penalty Kill 4 Players Forward
Center Wing Time % Phy DF OF
1 Elias Lindholm Josh Anderson 50 1 2 2
2 Jordan Martinook Brendan Gallagher 50 1 2 2
Penalty Kill 4 Players Defense
Defense Defense Time % Phy DF OF
1 Rasmus Ristolainen Dougie Hamilton 50 1 2 2
2 Trevor van Riemsdyk Jakob Chychrun 50 1 2 2
Penalty Kill - 3 Players Forward
Forward Time % Phy DF OF
1 Elias Lindholm 50 1 2 2
2 Josh Anderson 50 1 2 2
Penalty Kill - 3 Players Defense
Defense Defense Time % Phy DF OF
1 Rasmus Ristolainen Dougie Hamilton 50 1 2 2
2 Trevor van Riemsdyk Jakob Chychrun 50 1 2 2
4 vs 4 Forward
Center Wing Time % Phy DF OF
1 Elias Lindholm Josh Anderson 50 1 2 2
2 Jordan Martinook Brendan Gallagher 50 1 2 2
4 vs 4 Defense
Defense Defense Time % Phy DF OF
1 Rasmus Ristolainen Dougie Hamilton 50 1 2 2
2 Trevor van Riemsdyk Jakob Chychrun 50 1 2 2
Last Minutes Offensive
Center Left Wing Right Wing Defense Defense
Elias Lindholm Josh Anderson Brendan Gallagher Rasmus Ristolainen Dougie Hamilton
Last Minutes Defensive
Center Left Wing Right Wing Defense Defense
Elias Lindholm Josh Anderson Brendan Gallagher Rasmus Ristolainen Dougie Hamilton
Goaltenders
Starting : Marc-Andre Fleury
Backup : Alex Lyon
Extra Forwards
Normal : Alex Iafallo, Joel Kiviranta, Jack Drury - PP : Alex Iafallo, Joel Kiviranta - PK : Jack Drury
Extra Defensemen
Normal : Rasmus Ristolainen, Cam York, Trevor van Riemsdyk - PP : Dougie Hamilton - PK : Cam York, Trevor van Riemsdyk
Penalty Shots
Elias Lindholm, Josh Anderson, Jordan Martinook, Brendan Gallagher, Alex Iafallo
Scratches
Filip Chytil (Healthy), Jonas Siegenthaler (Healthy), Semyon Varlamov (Healthy)
Minnesota North Stars
5 vs 5 Forward
Center Left Wing Right Wing Time % Phy DF OF
1 Brock Nelson Kent Johnson Valeri Nichushkin 32 1 2 2
2 Jack Hughes Evgeni Malkin Frank Vatrano 31 1 2 2
3 Ryan Nugent-Hopkins William Eklund Jonathan Marchessault 31 1 2 2
4 William Karlsson Ivan Barbashev Mattias Janmark 6 1 2 2
5 vs 5 Defense
Defense Defense Time % Phy DF OF
1 Neal Pionk Matt Roy 34 2 2 1
2 Rasmus Dahlin Erik Cernak 33 2 2 1
3 Gustav Forsling Niko Mikkola 33 2 2 1
4 Rasmus Dahlin Matt Roy 0 1 2 2
PowerPlay Forward
Center Left Wing Right Wing Time % Phy DF OF
1 Jack Hughes Jonathan Marchessault Valeri Nichushkin 50 0 1 4
2 Evgeni Malkin Brock Nelson William Eklund 50 0 1 4
PowerPlay Defense
Defense Defense Time % Phy DF OF
1 Rasmus Dahlin Matt Roy 50 0 2 3
2 Gustav Forsling Neal Pionk 50 0 2 3
Penalty Kill 4 Players Forward
Center Wing Time % Phy DF OF
1 Ryan Nugent-Hopkins William Eklund 50 0 5 0
2 William Karlsson Mattias Janmark 50 0 5 0
Penalty Kill 4 Players Defense
Defense Defense Time % Phy DF OF
1 Erik Cernak Gustav Forsling 50 0 5 0
2 Matt Roy Niko Mikkola 50 0 5 0
Penalty Kill - 3 Players Forward
Forward Time % Phy DF OF
1 Ryan Nugent-Hopkins 50 0 5 0
2 Mattias Janmark 50 0 5 0
Penalty Kill - 3 Players Defense
Defense Defense Time % Phy DF OF
1 Matt Roy Erik Cernak 50 0 5 0
2 Gustav Forsling Niko Mikkola 50 0 5 0
4 vs 4 Forward
Center Wing Time % Phy DF OF
1 Jack Hughes Valeri Nichushkin 50 1 2 2
2 Evgeni Malkin William Eklund 50 1 2 2
4 vs 4 Defense
Defense Defense Time % Phy DF OF
1 Rasmus Dahlin Neal Pionk 50 1 3 1
2 Gustav Forsling Niko Mikkola 50 1 3 1
Last Minutes Offensive
Center Left Wing Right Wing Defense Defense
Jack Hughes Jonathan Marchessault Valeri Nichushkin Rasmus Dahlin Gustav Forsling
Last Minutes Defensive
Center Left Wing Right Wing Defense Defense
Ryan Nugent-Hopkins Mattias Janmark Valeri Nichushkin Erik Cernak Gustav Forsling
Goaltenders
Starting : Logan Thompson
Backup : Charlie Lindgren
Extra Forwards
Normal : William Eklund, Ivan Barbashev, Jonathan Marchessault - PP : William Eklund, Jonathan Marchessault - PK : Jonathan Marchessault
Extra Defensemen
Normal : Neal Pionk, Niko Mikkola, Gustav Forsling - PP : Neal Pionk - PK : Niko Mikkola, Gustav Forsling
Penalty Shots
William Eklund, Jonathan Marchessault, Valeri Nichushkin, Evgeni Malkin, Ryan Nugent-Hopkins
Scratches
Lawson Crouse (Healthy), Dylan DeMelo (Healthy)
% Time on Ice - Dallas Stars
Lines # - Real PCT - Wanted PCT - Time Play
Normal Forward
1 - 30% - 30% - 13:03
2 - 28% - 30% - 12:06
3 - 23% - 25% - 10:11
4 - 19% - 15% - 8:19
Normal Defense
1 - 35% - 35% - 15:09
2 - 36% - 35% - 15:35
3 - 30% - 30% - 12:55
4 - 0% - 0% - 0:00
PP Forward
1 - 50% - 50% - 3:14
2 - 50% - 50% - 3:12
PP Defense
1 - 47% - 50% - 3:03
2 - 53% - 50% - 3:23
PK Forward
1 - 51% - 50% - 5:04
2 - 49% - 50% - 4:51
PK Defense
1 - 51% - 50% - 5:05
2 - 49% - 50% - 4:50
PK3 Forward
1 - 0% - 50%
2 - 0% - 50%
PK3 Defense
1 - 0% - 50%
2 - 0% - 50%
44 Forward
1 - 0% - 50%
2 - 0% - 50%
44 Defense
1 - 0% - 50%
2 - 0% - 50%
Last Minute Offensive - 0:00
Last Minute Defensive - 0:00
Total
Forward - 60:00
Defense - 60:00
|
% Time on Ice - Minnesota North Stars
Lines # - Real PCT - Wanted PCT - Time Play
Normal Forward
1 - 31% - 32% - 13:27
2 - 28% - 31% - 12:01
3 - 27% - 31% - 11:41
4 - 15% - 6% - 6:30
Normal Defense
1 - 33% - 34% - 14:35
2 - 33% - 33% - 14:22
3 - 34% - 33% - 14:42
4 - 0% - 0% - 0:00
PP Forward
1 - 50% - 50% - 4:58
2 - 50% - 50% - 4:57
PP Defense
1 - 53% - 50% - 5:18
2 - 47% - 50% - 4:37
PK Forward
1 - 51% - 50% - 3:18
2 - 49% - 50% - 3:08
PK Defense
1 - 47% - 50% - 3:03
2 - 53% - 50% - 3:23
PK3 Forward
1 - 0% - 50%
2 - 0% - 50%
PK3 Defense
1 - 0% - 50%
2 - 0% - 50%
44 Forward
1 - 0% - 50%
2 - 0% - 50%
44 Defense
1 - 0% - 50%
2 - 0% - 50%
Last Minute Offensive - 0:00
Last Minute Defensive - 0:00
Total
Forward - 60:00
Defense - 60:00
|
Play-by-Play
1st period
0:01 of 1st period - Elias Lindholm wins face-off versus Brock Nelson in neutral zone.
0:26 of 1st period - Jack Hughes is hit by Jack Drury and loses puck.
0:49 of 1st period - Snap shot by Joel Kiviranta.
0:49 of 1st period - Shot Blocked by Jonathan Marchessault.
1:21 of 1st period - Wrist shot by William Karlsson.
1:21 of 1st period - Shot Misses the Net.
1:38 of 1st period - Cam York is hit by Erik Cernak and loses puck.
2:03 of 1st period - Slapshot by Dougie Hamilton.
2:03 of 1st period - Deflect By Luke Kunin.
2:03 of 1st period - Shot Misses the Net.
2:03 of 1st period - Puck is out of play.
2:04 of 1st period - Elias Lindholm wins face-off versus Ryan Nugent-Hopkins in Minnesota North Stars zone.
2:28 of 1st period - Minor Penalty to Josh Anderson for Cross-checking.
2:29 of 1st period - Elias Lindholm wins face-off versus Jack Hughes in Dallas Stars zone.
2:44 of 1st period - Snap shot by Valeri Nichushkin.
2:44 of 1st period - Stopped by Marc-Andre Fleury without a rebound.
2:45 of 1st period - Evgeni Malkin wins face-off versus Elias Lindholm in Dallas Stars zone.
3:10 of 1st period - Jakob Chychrun is hit by Neal Pionk and loses puck.
3:17 of 1st period - Slapshot by Valeri Nichushkin.
3:17 of 1st period - Shot Misses the Net.
3:19 of 1st period - Slapshot by Rasmus Dahlin.
3:19 of 1st period - Stopped by Marc-Andre Fleury without a rebound.
3:20 of 1st period - Elias Lindholm wins face-off versus Evgeni Malkin in Dallas Stars zone.
3:29 of 1st period - Snap shot by William Eklund.
3:29 of 1st period - Stopped by Marc-Andre Fleury with a rebound.
4:04 of 1st period - Trevor van Riemsdyk is hit by Jonathan Marchessault and loses puck.
4:09 of 1st period - Wrist shot by Jack Hughes.
4:09 of 1st period - Shot Misses the Net.
4:28 of 1st period - Penalty to Josh Anderson is over, Josh Anderson is back on ice.
5:30 of 1st period - Wrist shot by Josh Anderson.
5:30 of 1st period - Shot Blocked by Erik Cernak.
5:40 of 1st period - Joel Kiviranta is hit by Rasmus Dahlin and loses puck.
6:58 of 1st period - Matt Roy is hit by Josh Anderson and loses puck.
8:21 of 1st period - Snap shot by William Eklund.
8:21 of 1st period - Stopped by Marc-Andre Fleury without a rebound.
8:22 of 1st period - Ryan Nugent-Hopkins wins face-off versus Luke Kunin in Dallas Stars zone.
8:23 of 1st period - Snap shot by Jonathan Marchessault.
8:23 of 1st period - Shot Blocked by Jakob Chychrun.
8:25 of 1st period - Slapshot by Gustav Forsling.
8:25 of 1st period - Stopped by Marc-Andre Fleury with a rebound.
8:31 of 1st period - Snap shot by Ryan Nugent-Hopkins.
8:31 of 1st period - Shot Misses the Net.
8:33 of 1st period - Wrist shot by Ryan Nugent-Hopkins.
8:33 of 1st period - Shot Hit the Post.
8:35 of 1st period - Snap shot by Ryan Nugent-Hopkins.
8:35 of 1st period - Shot Misses the Net.
8:51 of 1st period - Snap shot by Jack Drury.
8:51 of 1st period - Stopped by Logan Thompson with a rebound.
8:53 of 1st period - Wrist shot by Alex Iafallo.
8:53 of 1st period - Stopped by Logan Thompson with a rebound.
9:11 of 1st period - Cam York is hit by Kent Johnson and loses puck.
9:30 of 1st period - Wrist shot by William Eklund.
9:30 of 1st period - Stopped by Marc-Andre Fleury with a rebound.
9:32 of 1st period - Snap shot by William Eklund.
9:32 of 1st period - Stopped by Marc-Andre Fleury with a rebound.
9:34 of 1st period - Wrist shot by Ryan Nugent-Hopkins.
9:34 of 1st period - Shot Misses the Net.
10:31 of 1st period - Rasmus Dahlin is hit by Josh Anderson and loses puck.
10:41 of 1st period - Minor Penalty to Rasmus Ristolainen for Holding.
10:42 of 1st period - Jack Hughes wins face-off versus Jordan Martinook in Dallas Stars zone.
12:02 of 1st period - Brendan Gallagher is hit by William Eklund and loses puck.
12:41 of 1st period - Penalty to Rasmus Ristolainen is over, Rasmus Ristolainen is back on ice.
12:51 of 1st period - Snap shot by Jonatan Berggren.
12:51 of 1st period - Stopped by Logan Thompson with a rebound.
12:53 of 1st period - Slapshot by Jakob Chychrun.
12:53 of 1st period - Deflect By Joel Kiviranta.
12:53 of 1st period - Shot Misses the Net.
12:53 of 1st period - Puck is out of play.
12:54 of 1st period - Mattias Janmark wins face-off versus Jonatan Berggren in Minnesota North Stars zone.
13:03 of 1st period - Jonatan Berggren is hit by Ivan Barbashev and loses puck.
13:32 of 1st period - Jack Drury is hit by Brock Nelson and loses puck.
14:01 of 1st period - Snap shot by Luke Kunin.
14:01 of 1st period - Shot Misses the Net.
14:03 of 1st period - Wrist shot by Jordan Greenway.
14:03 of 1st period - Stopped by Logan Thompson without a rebound.
14:04 of 1st period - Brock Nelson wins face-off versus Elias Lindholm in Minnesota North Stars zone.
14:19 of 1st period - Wrist shot by Josh Anderson.
14:19 of 1st period - Shot Misses the Net.
14:31 of 1st period - Wrist shot by Luke Kunin.
14:31 of 1st period - Shot Blocked by Niko Mikkola.
14:33 of 1st period - Slapshot by Jakob Chychrun.
14:33 of 1st period - Shot Misses the Net.
14:51 of 1st period - Snap shot by Evgeni Malkin.
14:51 of 1st period - Stopped by Marc-Andre Fleury with a rebound.
15:13 of 1st period - Slapshot by Valeri Nichushkin.
15:13 of 1st period - Stopped by Marc-Andre Fleury without a rebound.
15:14 of 1st period - Elias Lindholm wins face-off versus Brock Nelson in Dallas Stars zone.
16:09 of 1st period - Brock Nelson is hit by Trent Frederic and loses puck.
16:18 of 1st period - Wrist shot by Brock Nelson.
16:18 of 1st period - Shot Misses the Net.
16:20 of 1st period - Slapshot by Neal Pionk.
16:20 of 1st period - Shot Blocked by Arber Xhekaj.
16:22 of 1st period - Snap shot by Matt Roy.
16:22 of 1st period - Stopped by Marc-Andre Fleury without a rebound.
16:23 of 1st period - Jack Hughes wins face-off versus Philip Tomasino in Dallas Stars zone.
16:24 of 1st period - Snap shot by Frank Vatrano.
16:24 of 1st period - Shot Blocked by Jakob Chychrun.
16:30 of 1st period - Slapshot by Jakob Chychrun.
16:30 of 1st period - Shot Blocked by Gustav Forsling.
16:32 of 1st period - Slapshot by Jakob Chychrun.
16:32 of 1st period - Stopped by Logan Thompson without a rebound.
16:33 of 1st period - Elias Lindholm wins face-off versus Jack Hughes in Minnesota North Stars zone.
17:02 of 1st period - Snap shot by Frank Vatrano.
17:02 of 1st period - Shot Blocked by Trevor van Riemsdyk.
17:27 of 1st period - Minor Penalty to Frank Vatrano for High sticking.
17:28 of 1st period - Ryan Nugent-Hopkins wins face-off versus Brendan Gallagher in Minnesota North Stars zone.
17:38 of 1st period - Erik Cernak is hit by Elias Lindholm and loses puck.
18:31 of 1st period - Dougie Hamilton is hit by Matt Roy and loses puck.
18:54 of 1st period - Elias Lindholm is hit by Erik Cernak and loses puck.
19:25 of 1st period - Matt Roy is hit by Alex Iafallo and loses puck.
19:27 of 1st period - Penalty to Frank Vatrano is over, Frank Vatrano is back on ice.
19:34 of 1st period - Wrist shot by Joel Kiviranta.
19:34 of 1st period - Stopped by Logan Thompson without a rebound.
19:35 of 1st period - Jack Drury wins face-off versus Jack Hughes in Minnesota North Stars zone.
Goals for this period are 0 for Dallas Stars vs 0 for Minnesota North Stars.
Shots for this period are 6 for Dallas Stars vs 10 for Minnesota North Stars.
2nd period
0:01 of 2nd period - Ryan Nugent-Hopkins wins face-off versus Elias Lindholm in neutral zone.
0:53 of 2nd period - Snap shot by Valeri Nichushkin.
0:53 of 2nd period - Shot Blocked by Dougie Hamilton.
0:57 of 2nd period - Snap shot by Brock Nelson.
0:57 of 2nd period - Stopped by Marc-Andre Fleury with a rebound.
1:13 of 2nd period - Minor Penalty to Neal Pionk for Roughing.
1:14 of 2nd period - William Karlsson wins face-off versus Luke Kunin in Minnesota North Stars zone.
3:13 of 2nd period - Penalty to Neal Pionk is over, Neal Pionk is back on ice.
3:22 of 2nd period - Snap shot by Jonathan Marchessault.
3:22 of 2nd period - Shot Misses the Net.
3:24 of 2nd period - Slapshot by Jonathan Marchessault.
3:24 of 2nd period - Stopped by Marc-Andre Fleury with a rebound.
3:48 of 2nd period - Wrist shot by Joel Kiviranta.
3:48 of 2nd period - Stopped by Logan Thompson with a rebound.
3:53 of 2nd period - Off-side.
3:54 of 2nd period - Jack Hughes wins face-off versus Luke Kunin in neutral zone.
4:04 of 2nd period - Wrist shot by Frank Vatrano.
4:04 of 2nd period - Stopped by Marc-Andre Fleury with a rebound.
4:06 of 2nd period - Slapshot by Erik Cernak.
4:06 of 2nd period - Shot Blocked by Jordan Greenway.
6:02 of 2nd period - William Eklund is hit by Cam York and loses puck.
6:09 of 2nd period - Joel Kiviranta is hit by William Eklund and loses puck.
6:22 of 2nd period - Brendan Gallagher is hit by Valeri Nichushkin and loses puck.
6:52 of 2nd period - Minor Penalty to Jordan Greenway for Tripping.
6:53 of 2nd period - Jordan Martinook wins face-off versus Evgeni Malkin in Dallas Stars zone.
7:09 of 2nd period - Snap shot by Brock Nelson.
7:09 of 2nd period - Shot Misses the Net.
8:52 of 2nd period - Penalty to Jordan Greenway is over, Jordan Greenway is back on ice.
8:58 of 2nd period - Wrist shot by Jonatan Berggren.
8:58 of 2nd period - Stopped by Logan Thompson without a rebound.
8:59 of 2nd period - Mattias Janmark wins face-off versus Philip Tomasino in Minnesota North Stars zone.
8:59 of 2nd period - Mattias Janmark is hit by Jonatan Berggren.
9:24 of 2nd period - Off-side.
9:25 of 2nd period - Ryan Nugent-Hopkins wins face-off versus Jack Drury in neutral zone.
9:34 of 2nd period - Backhand shot by William Eklund.
9:34 of 2nd period - Stopped by Marc-Andre Fleury without a rebound.
9:35 of 2nd period - Elias Lindholm wins face-off versus Jack Hughes in Dallas Stars zone.
9:40 of 2nd period - Wrist shot by Elias Lindholm.
9:40 of 2nd period - Stopped by Logan Thompson without a rebound.
9:41 of 2nd period - Jack Hughes wins face-off versus Elias Lindholm in Minnesota North Stars zone.
9:41 of 2nd period - Jack Hughes is hit by Josh Anderson.
10:03 of 2nd period - Minor Penalty to Josh Anderson for Hooking.
10:04 of 2nd period - Jack Hughes wins face-off versus Jordan Martinook in Dallas Stars zone.
11:05 of 2nd period - Snap shot by Jordan Martinook.
11:05 of 2nd period - Shot Misses the Net.
11:07 of 2nd period - Snap shot by Brendan Gallagher.
11:07 of 2nd period - Shot Misses the Net.
12:03 of 2nd period - Penalty to Josh Anderson is over, Josh Anderson is back on ice.
12:14 of 2nd period - Snap shot by Ivan Barbashev.
12:14 of 2nd period - Stopped by Marc-Andre Fleury without a rebound.
12:15 of 2nd period - William Karlsson wins face-off versus Philip Tomasino in Dallas Stars zone.
12:21 of 2nd period - Slapshot by William Karlsson.
12:21 of 2nd period - Shot Blocked by Cam York.
12:23 of 2nd period - Snap shot by Ivan Barbashev.
12:23 of 2nd period - Shot Hit the Post.
12:25 of 2nd period - Wrist shot by Mattias Janmark.
12:25 of 2nd period - Stopped by Marc-Andre Fleury with a rebound.
12:29 of 2nd period - Wrist shot by Mattias Janmark.
12:29 of 2nd period - Shot Blocked by Cam York.
12:31 of 2nd period - Slapshot by Niko Mikkola.
12:31 of 2nd period - Deflect By William Karlsson.
12:31 of 2nd period - Stopped by Marc-Andre Fleury without a rebound.
12:32 of 2nd period - William Eklund wins face-off versus Elias Lindholm in Dallas Stars zone.
12:33 of 2nd period - Snap shot by Ryan Nugent-Hopkins.
12:33 of 2nd period - Stopped by Marc-Andre Fleury with a rebound.
12:40 of 2nd period - Off-side.
12:41 of 2nd period - Ryan Nugent-Hopkins wins face-off versus Elias Lindholm in neutral zone.
12:54 of 2nd period - Slapshot by William Eklund.
12:54 of 2nd period - Shot Misses the Net.
13:04 of 2nd period - Wrist shot by Elias Lindholm.
13:04 of 2nd period - Stopped by Logan Thompson without a rebound.
13:05 of 2nd period - Luke Kunin wins face-off versus Jack Hughes in Minnesota North Stars zone.
13:16 of 2nd period - Slapshot by Jakob Chychrun.
13:16 of 2nd period - Shot Misses the Net.
13:18 of 2nd period - Backhand shot by Trevor van Riemsdyk.
13:18 of 2nd period - Stopped by Logan Thompson without a rebound.
13:19 of 2nd period - Ryan Nugent-Hopkins wins face-off versus Elias Lindholm in Minnesota North Stars zone.
14:12 of 2nd period - Wrist shot by Brock Nelson.
14:12 of 2nd period - Shot Misses the Net.
14:28 of 2nd period - Slapshot by Trevor van Riemsdyk.
14:28 of 2nd period - Stopped by Logan Thompson without a rebound.
14:29 of 2nd period - Ryan Nugent-Hopkins wins face-off versus Philip Tomasino in Minnesota North Stars zone.
14:29 of 2nd period - Ryan Nugent-Hopkins is hit by Jonatan Berggren.
14:35 of 2nd period - Wrist shot by Jonatan Berggren.
14:35 of 2nd period - Shot Misses the Net.
14:37 of 2nd period - Slapshot by Philip Tomasino.
14:37 of 2nd period - Shot Blocked by Ryan Nugent-Hopkins.
14:39 of 2nd period - Slapshot by Dougie Hamilton.
14:39 of 2nd period - Shot Misses the Net.
14:41 of 2nd period - Slapshot by Rasmus Ristolainen.
14:41 of 2nd period - Stopped by Logan Thompson with a rebound.
14:43 of 2nd period - Slapshot by Rasmus Ristolainen.
14:43 of 2nd period - Stopped by Logan Thompson without a rebound.
14:44 of 2nd period - Jack Hughes wins face-off versus Elias Lindholm in Minnesota North Stars zone.
15:19 of 2nd period - Dougie Hamilton is hit by Niko Mikkola and loses puck.
15:55 of 2nd period - Evgeni Malkin is hit by Josh Anderson.
16:17 of 2nd period - Snap shot by Jonatan Berggren.
16:17 of 2nd period - Shot Blocked by Mattias Janmark.
16:19 of 2nd period - Slapshot by Trevor van Riemsdyk.
16:19 of 2nd period - Shot Hit the Post.
17:13 of 2nd period - Wrist shot by Brendan Gallagher.
17:13 of 2nd period - Shot Misses the Net.
17:15 of 2nd period - Slapshot by Arber Xhekaj.
17:15 of 2nd period - Shot Misses the Net.
17:33 of 2nd period - Snap shot by Ryan Nugent-Hopkins.
17:33 of 2nd period - Shot Misses the Net.
17:35 of 2nd period - Slapshot by Neal Pionk.
17:35 of 2nd period - Shot Misses the Net.
17:37 of 2nd period - Wrist shot by William Eklund.
17:37 of 2nd period - Stopped by Marc-Andre Fleury without a rebound.
17:38 of 2nd period - Brock Nelson wins face-off versus Luke Kunin in Dallas Stars zone.
17:39 of 2nd period - Snap shot by Kent Johnson.
17:39 of 2nd period - Shot Blocked by Jordan Greenway.
17:41 of 2nd period - Slapshot by Gustav Forsling.
17:41 of 2nd period - Shot Blocked by Jordan Martinook.
17:43 of 2nd period - Slapshot by Gustav Forsling.
17:43 of 2nd period - Stopped by Marc-Andre Fleury without a rebound.
17:44 of 2nd period - Brock Nelson wins face-off versus Luke Kunin in Dallas Stars zone.
18:01 of 2nd period - Snap shot by Kent Johnson.
18:01 of 2nd period - Shot Misses the Net.
18:17 of 2nd period - Wrist shot by Josh Anderson.
18:17 of 2nd period - Stopped by Logan Thompson without a rebound.
18:18 of 2nd period - Elias Lindholm wins face-off versus Ryan Nugent-Hopkins in Minnesota North Stars zone.
18:23 of 2nd period - Slapshot by Brendan Gallagher.
18:23 of 2nd period - Shot Misses the Net.
19:10 of 2nd period - Jordan Martinook is hit by Erik Cernak and loses puck.
19:31 of 2nd period - Wrist shot by William Karlsson.
19:31 of 2nd period - Stopped by Marc-Andre Fleury with a rebound.
19:37 of 2nd period - Rasmus Ristolainen is hit by Mattias Janmark and loses puck.
19:50 of 2nd period - Wrist shot by Alex Iafallo.
19:50 of 2nd period - Shot Misses the Net.
Goals for this period are 0 for Dallas Stars vs 0 for Minnesota North Stars.
Shots for this period are 9 for Dallas Stars vs 11 for Minnesota North Stars.
3rd period
0:01 of 3rd period - Ryan Nugent-Hopkins wins face-off versus Elias Lindholm in neutral zone.
0:26 of 3rd period - Neal Pionk is hit by Jordan Martinook and loses puck.
0:51 of 3rd period - Wrist shot by Valeri Nichushkin.
0:51 of 3rd period - Shot Misses the Net.
0:53 of 3rd period - Slapshot by Erik Cernak.
0:53 of 3rd period - Stopped by Marc-Andre Fleury without a rebound.
0:54 of 3rd period - Brock Nelson wins face-off versus Elias Lindholm in Dallas Stars zone.
2:01 of 3rd period - Minor Penalty to Frank Vatrano for Tripping.
2:02 of 3rd period - William Karlsson wins face-off versus Elias Lindholm in Minnesota North Stars zone.
2:15 of 3rd period - Snap shot by Elias Lindholm.
2:15 of 3rd period - Shot Misses the Net.
2:17 of 3rd period - Slapshot by Brendan Gallagher.
2:17 of 3rd period - Shot Misses the Net.
2:27 of 3rd period - Niko Mikkola is hit by Luke Kunin.
2:37 of 3rd period - Snap shot by William Karlsson.
2:37 of 3rd period - Shot Misses the Net.
4:01 of 3rd period - Penalty to Frank Vatrano is over, Frank Vatrano is back on ice.
4:15 of 3rd period - Niko Mikkola is hit by Trent Frederic and loses puck.
4:29 of 3rd period - Icing by Jack Hughes.
4:30 of 3rd period - Jack Hughes wins face-off versus Philip Tomasino in Minnesota North Stars zone.
4:39 of 3rd period - Snap shot by Frank Vatrano.
4:39 of 3rd period - Goal by Frank Vatrano - Dallas Stars : 0 - Minnesota North Stars : 1.
4:40 of 3rd period - Elias Lindholm wins face-off versus Ryan Nugent-Hopkins in neutral zone.
4:56 of 3rd period - Snap shot by William Eklund.
4:56 of 3rd period - Stopped by Marc-Andre Fleury without a rebound.
4:57 of 3rd period - Brock Nelson wins face-off versus Luke Kunin in Dallas Stars zone.
4:58 of 3rd period - Snap shot by Valeri Nichushkin.
4:58 of 3rd period - Shot Misses the Net.
5:00 of 3rd period - Snap shot by Valeri Nichushkin.
5:00 of 3rd period - Shot Blocked by Jordan Martinook.
5:24 of 3rd period - Jonathan Marchessault is hit by Brendan Gallagher.
5:30 of 3rd period - Slapshot by Ryan Nugent-Hopkins.
5:30 of 3rd period - Shot Misses the Net.
6:19 of 3rd period - Snap shot by Frank Vatrano.
6:19 of 3rd period - Stopped by Marc-Andre Fleury with a rebound.
6:30 of 3rd period - Off-side.
6:31 of 3rd period - Elias Lindholm wins face-off versus Brock Nelson in neutral zone.
6:58 of 3rd period - Wrist shot by Alex Iafallo.
6:58 of 3rd period - Stopped by Logan Thompson without a rebound.
6:59 of 3rd period - Jack Drury wins face-off versus William Eklund in Minnesota North Stars zone.
7:08 of 3rd period - Wrist shot by Trent Frederic.
7:08 of 3rd period - Stopped by Logan Thompson with a rebound.
7:28 of 3rd period - Erik Cernak is hit by Jordan Greenway and loses puck.
7:51 of 3rd period - Snap shot by Elias Lindholm.
7:51 of 3rd period - Stopped by Logan Thompson without a rebound.
7:52 of 3rd period - Brock Nelson wins face-off versus Elias Lindholm in Minnesota North Stars zone.
8:05 of 3rd period - Wrist shot by Elias Lindholm.
8:05 of 3rd period - Goal by Elias Lindholm - Dallas Stars : 1 - Minnesota North Stars : 1.
8:06 of 3rd period - Ryan Nugent-Hopkins wins face-off versus Luke Kunin in neutral zone.
8:12 of 3rd period - Off-side.
8:13 of 3rd period - Luke Kunin wins face-off versus Ryan Nugent-Hopkins in neutral zone.
8:26 of 3rd period - Snap shot by William Eklund.
8:26 of 3rd period - Shot Misses the Net.
8:28 of 3rd period - Slapshot by William Eklund.
8:28 of 3rd period - Stopped by Marc-Andre Fleury with a rebound.
8:30 of 3rd period - Wrist shot by Ryan Nugent-Hopkins.
8:30 of 3rd period - Stopped by Marc-Andre Fleury with a rebound.
8:32 of 3rd period - Snap shot by Gustav Forsling.
8:32 of 3rd period - Stopped by Marc-Andre Fleury with a rebound.
8:34 of 3rd period - Backhand shot by Niko Mikkola.
8:34 of 3rd period - Stopped by Marc-Andre Fleury without a rebound.
8:35 of 3rd period - Jack Hughes wins face-off versus Elias Lindholm in Dallas Stars zone.
9:10 of 3rd period - Wrist shot by Neal Pionk.
9:10 of 3rd period - Stopped by Marc-Andre Fleury with a rebound.
9:32 of 3rd period - Gustav Forsling is hit by Luke Kunin and loses puck.
10:15 of 3rd period - Wrist shot by Elias Lindholm.
10:15 of 3rd period - Goal by Elias Lindholm - Dallas Stars : 2 - Minnesota North Stars : 1.
10:16 of 3rd period - Jack Drury wins face-off versus Ryan Nugent-Hopkins in neutral zone.
10:23 of 3rd period - Wrist shot by Jack Drury.
10:23 of 3rd period - Shot Blocked by Ryan Nugent-Hopkins.
10:43 of 3rd period - Valeri Nichushkin is hit by Jordan Greenway and loses puck.
11:34 of 3rd period - Wrist shot by Mattias Janmark.
11:34 of 3rd period - Stopped by Marc-Andre Fleury with a rebound.
11:36 of 3rd period - Snap shot by Gustav Forsling.
11:36 of 3rd period - Shot Blocked by Philip Tomasino.
11:38 of 3rd period - Slapshot by William Karlsson.
11:38 of 3rd period - Stopped by Marc-Andre Fleury with a rebound.
11:55 of 3rd period - Snap shot by William Eklund.
11:55 of 3rd period - Stopped by Marc-Andre Fleury with a rebound.
12:13 of 3rd period - Slapshot by Jakob Chychrun.
12:13 of 3rd period - Shot Blocked by Erik Cernak.
12:15 of 3rd period - Snap shot by Luke Kunin.
12:15 of 3rd period - Goal by Luke Kunin - Dallas Stars : 3 - Minnesota North Stars : 1.
12:16 of 3rd period - Elias Lindholm wins face-off versus Jonathan Marchessault in neutral zone.
12:44 of 3rd period - Off-side.
12:45 of 3rd period - Luke Kunin wins face-off versus Jack Hughes in neutral zone.
12:50 of 3rd period - Slapshot by Jordan Martinook.
12:50 of 3rd period - Deflect By Jordan Greenway.
12:50 of 3rd period - Shot Blocked by Matt Roy.
12:50 of 3rd period - Puck is out of play.
12:51 of 3rd period - Brock Nelson wins face-off versus Luke Kunin in Minnesota North Stars zone.
13:00 of 3rd period - Wrist shot by Jordan Greenway.
13:00 of 3rd period - Stopped by Logan Thompson with a rebound.
13:02 of 3rd period - Slapshot by Luke Kunin.
13:02 of 3rd period - Shot Blocked by Matt Roy.
13:04 of 3rd period - Slapshot by Arber Xhekaj.
13:04 of 3rd period - Deflect By Valeri Nichushkin.
13:04 of 3rd period - Stopped by Logan Thompson with a rebound.
13:06 of 3rd period - Snap shot by Jordan Greenway.
13:06 of 3rd period - Shot Blocked by Matt Roy.
13:16 of 3rd period - Slapshot by Neal Pionk.
13:16 of 3rd period - Shot Misses the Net.
13:18 of 3rd period - Slapshot by Matt Roy.
13:18 of 3rd period - Shot Blocked by Arber Xhekaj.
13:20 of 3rd period - Wrist shot by William Eklund.
13:20 of 3rd period - Stopped by Marc-Andre Fleury without a rebound.
13:21 of 3rd period - Jack Drury wins face-off versus Jonathan Marchessault in Dallas Stars zone.
13:28 of 3rd period - Slapshot by Rasmus Ristolainen.
13:28 of 3rd period - Shot Misses the Net.
13:30 of 3rd period - Slapshot by Dougie Hamilton.
13:30 of 3rd period - Shot Blocked by Gustav Forsling.
13:32 of 3rd period - Slapshot by Rasmus Ristolainen.
13:32 of 3rd period - Stopped by Logan Thompson without a rebound.
13:33 of 3rd period - Jack Hughes wins face-off versus Elias Lindholm in Minnesota North Stars zone.
13:33 of 3rd period - Jack Hughes is hit by Rasmus Ristolainen.
14:10 of 3rd period - Minor Penalty to Trent Frederic for Tripping.
14:11 of 3rd period - Jordan Martinook wins face-off versus Evgeni Malkin in Dallas Stars zone.
14:15 of 3rd period - Trevor van Riemsdyk is hit by Brock Nelson and loses puck.
14:50 of 3rd period - Wrist shot by Jonathan Marchessault.
14:50 of 3rd period - Shot Misses the Net.
16:10 of 3rd period - Penalty to Trent Frederic is over, Trent Frederic is back on ice.
16:20 of 3rd period - Wrist shot by Frank Vatrano.
16:20 of 3rd period - Goal by Frank Vatrano - Dallas Stars : 3 - Minnesota North Stars : 2.
16:21 of 3rd period - Trent Frederic wins face-off versus Jack Hughes in neutral zone.
16:27 of 3rd period - Wrist shot by Jack Drury.
16:27 of 3rd period - Shot Misses the Net.
16:29 of 3rd period - Slapshot by Jack Drury.
16:29 of 3rd period - Stopped by Logan Thompson with a rebound.
16:31 of 3rd period - Wrist shot by Alex Iafallo.
16:31 of 3rd period - Stopped by Logan Thompson with a rebound.
16:33 of 3rd period - Snap shot by Trent Frederic.
16:33 of 3rd period - Stopped by Logan Thompson with a rebound.
16:35 of 3rd period - Backhand shot by Alex Iafallo.
16:35 of 3rd period - Shot Blocked by Gustav Forsling.
16:37 of 3rd period - Snap shot by Jack Drury.
16:37 of 3rd period - Shot Misses the Net.
16:43 of 3rd period - Minor Penalty to Niko Mikkola for Interference.
16:44 of 3rd period - William Karlsson wins face-off versus Elias Lindholm in Minnesota North Stars zone.
16:53 of 3rd period - William Eklund is hit by Brendan Gallagher and loses puck.
17:10 of 3rd period - Slapshot by Jordan Martinook.
17:10 of 3rd period - Shot Misses the Net.
17:12 of 3rd period - Snap shot by Trevor van Riemsdyk.
17:12 of 3rd period - Goal by Trevor van Riemsdyk - Dallas Stars : 4 - Minnesota North Stars : 2.
17:13 of 3rd period - Jack Drury wins face-off versus William Eklund in neutral zone.
18:01 of 3rd period - Wrist shot by Kent Johnson.
18:01 of 3rd period - Shot Misses the Net.
18:23 of 3rd period - Wrist shot by Jordan Martinook.
18:23 of 3rd period - Stopped by Logan Thompson without a rebound.
18:24 of 3rd period - Jack Drury wins face-off versus William Eklund in Minnesota North Stars zone.
18:35 of 3rd period - Wrist shot by Ryan Nugent-Hopkins.
18:35 of 3rd period - Shot Misses the Net.
18:37 of 3rd period - Wrist shot by Neal Pionk.
18:37 of 3rd period - Shot Misses the Net.
18:39 of 3rd period - Slapshot by Matt Roy.
18:39 of 3rd period - Shot Misses the Net.
18:41 of 3rd period - Slapshot by Matt Roy.
18:41 of 3rd period - Shot Misses the Net.
19:32 of 3rd period - Brendan Gallagher is hit by Jonathan Marchessault and loses puck.
19:43 of 3rd period - Jakob Chychrun is hit by Niko Mikkola and loses puck.
Goals for this period are 4 for Dallas Stars vs 2 for Minnesota North Stars.
Shots for this period are 14 for Dallas Stars vs 14 for Minnesota North Stars.
Back to the Top